 Dungeon Crawl Stone Soup version 0.23.2-40-g277498a001 (webtiles) character file.

Game seed: 1583094933320715186

887 Curus the Cruncher (level 7, -6/50 HPs)
             Began as a Demonspawn Gladiator on Oct 5, 2019.
             Was an Initiate of Makhleb.
             Mangled by a fire crab (shapeshifter) (13 damage)
             ... on level 5 of the Dungeon.
             The game lasted 00:21:04 (3816 turns).

Curus the Cruncher (Demonspawn Gladiator)           Turns: 3816, Time: 00:21:05

Health: -6/50      AC: 11    Str: 11 (14) XL:     7   Next: 77%
Magic:  7/7        EV: 12    Int: 11 (13) God:    Makhleb [......]
Gold:   126        SH:  0    Dex: 13 (16) Spells: 6/6 levels left

rFire    . . .     SeeInvis .   l - +3 quarterstaff (chaos)
rCold    + . .     Gourm    .   (shield currently unavailable)
rNeg     . . .     Faith    .   o - +1 leather armour {rC+}
rPois    .         Spirit   .   c - +1 helmet
rElec    .         Reflect  .   m - +1 cloak
rCorr    .         Harm     .   (no gloves)
MR       .....                  (no boots)
Stlth    +.........             j - amulet of the acrobat
HPRegen  0.16/turn              t - +3 ring of intelligence
MPRegen  0.10/turn              (no ring)

@: marked
A: molten scales 2, spiny 1
a: Renounce Religion


You were on level 5 of the Dungeon.
You worshipped Makhleb.
Makhleb was noncommittal.
You were not hungry.

You visited 2 branches of the dungeon, and saw 6 of its levels.

You collected 289 gold pieces.
You spent 163 gold pieces at shops.

Inventory:

Hand Weapons
 a - a +0 quarterstaff
 l - a +3 quarterstaff of chaos (weapon)
Missiles
 d - 2 throwing nets (quivered)
Armour
 b - a +0 leather armour
 c - a +1 helmet (worn)
 m - a +1 cloak (worn)
 o - a +1 leather armour of cold resistance (worn)
Jewellery
 e - an uncursed ring of attention
 j - an amulet of the acrobat (around neck)
 t - a +3 ring of intelligence (left hand)
Wands
 n - a wand of digging (3)
Scrolls
 g - 7 scrolls of identify
 i - 3 scrolls of remove curse
 q - a scroll of fear
 s - a scroll of teleportation
Potions
 h - 2 potions of curing
 k - a potion of heal wounds
 p - a potion of haste
 r - a potion of brilliance
Comestibles
 f - 7 rations


   Skills:
 - Level 2.0 Fighting
 + Level 8.6 Staves
 - Level 1.7 Throwing
 - Level 2.6 Dodging


You had 6 spell levels left.
You didn't know any spells.
Your spell library was empty.

Dungeon Overview and Level Annotations

Branches:
Dungeon (5/15)             Temple (1/1) D:5

Altars:
Elyvilon
Fedhas
Hepliaklqana
Kikubaaqudgha
Makhleb
Zin

Shops:
D:4 [[*%

Annotations:
D:5 3 runed translucent doors, Tinylith's ghost, novice FoFi


Innate Abilities, Weirdness & Mutations

You are mostly covered in molten scales. (AC +3)
You are partially covered in sharp spines.


Message History

The centaur is heavily wounded.
The centaur hits you.
An ogre comes into view. It is wielding a +0 giant club.
You sock the centaur!
The centaur is poisoned.
The centaur is almost dead.
The fire crab barely misses you. The fire crab claws you!
You are engulfed in flames!
The centaur is struck by your spines.
You kill the centaur!
Makhleb accepts your kill.
You thump the fire crab!
The fire crab is lightly wounded.
The fire crab bites you.
You are engulfed in flames!
* * * LOW HITPOINT WARNING * * *
The fire crab completely misses you.
You hit the fire crab but do no damage.
The fire crab is lightly wounded.
The fire crab bites you!
* * * LOW HITPOINT WARNING * * *
You are engulfed in flames!
You die...

#.....#####..#..#...
#.....# #..#..#.##
#.....# #..#......
#.O...# #..#..####
#.....#####.........
.............(.....
#.....#[..##......
#)t...#.## #.#####
#@†...#.# #.#..
#.....#.# #.#.###
#.....#.####.#....
#####.#..........#
#................#
#.####..####.#...#
#......#.#...#
#...##.#.#...#
#...##.#.#...#


You could see a fire crab shaped shifter and an ogre.

Vanquished Creatures
  A phantom (D:5)
  A centaur (D:5)
  2 scorpions (D:4)
  A bullfrog zombie (D:5)
  5 orc wizards
  A hound (D:5)
  Crazy Yiuf (D:3)
  4 orc priests
  Natasha (thrice) (D:3)
  2 worker ants (D:5)
  8 adders
  2 oozes (D:3)
  An adder skeleton (D:3)
  A worm (D:2)
  A dart slug (D:1)
  4 leopard geckos
  16 orcs
  A ball python (D:3)
  2 giant cockroaches (D:3)
  4 goblins (D:3)
  5 hobgoblins
  2 jackals (D:5)
  A quokka (D:4)
  5 bats
  3 frilled lizards
  4 kobolds
  A leopard gecko skeleton (D:4)
  5 rats
87 creatures vanquished.

Vanquished Creatures (others)
  A jackal (D:5)
1 creature vanquished.

Grand Total: 88 creatures vanquished

Notes
Turn   | Place    | Note
-------+----------+-------------------------------------------
     0 | D:1      | Curus the Demonspawn Gladiator began the quest for the Orb.
     0 | D:1      | Reached XP level 1. HP: 16/16 MP: 1/1
   109 | D:1      | Reached skill level 3 in Staves
   357 | D:1      | Gained mutation: You are partially covered in molten
                  | scales. (AC +2) [demonic ancestry]
   357 | D:1      | Reached XP level 2. HP: 22/22 MP: 2/2
  1047 | D:2      | Found a faded altar of an unknown god.
  1129 | D:2      | Reached XP level 3. HP: 26/27 MP: 3/3
  1498 | D:3      | Reached skill level 4 in Staves
  1504 | D:3      | Noticed Natasha
  1509 | D:3      | Killed Natasha
  1534 | D:3      | Reached XP level 4. HP: 19/33 MP: 4/4
  1699 | D:3      | Noticed Natasha
  1709 | D:3      | Killed Natasha
  1709 | D:3      | Reached skill level 5 in Staves
  2061 | D:3      | Gained mutation: You are mostly covered in molten scales.
                  | (AC +3) [demonic ancestry]
  2061 | D:3      | Reached XP level 5. HP: 38/38 MP: 5/5
  2115 | D:3      | Noticed Natasha
  2149 | D:3      | Killed Natasha
  2249 | D:3      | Reached skill level 6 in Staves
  2310 | D:3      | Found a runed translucent door.
  2311 | D:3      | Noticed Crazy Yiuf
  2500 | D:3      | HP: 1/38 [Crazy Yiuf/+2 quarterstaff of chaos (16)]
  2503 | D:3      | Killed Crazy Yiuf
  2503 | D:3      | Reached XP level 6. HP: 1/44 MP: 6/6
  2870 | D:4      | HP: 2/44 [orc priest/+0 short sword (4)]
  2882 | D:4      | Reached skill level 7 in Staves
  2937 | D:4      | Found Johytom's Antique Armour Emporium.
  2978 | D:4      | Bought a glowing leather armour for 105 gold pieces
  3015 | D:4      | Gained mutation: You are partially covered in sharp spines.
                  | [demonic ancestry]
  3015 | D:4      | Reached XP level 7. HP: 41/50 MP: 7/7
  3218 | D:4      | Found Qedot's Antique Armour Shoppe.
  3244 | D:4      | Found Gifay's Assorted Antiques.
  3248 | D:4      | Bought a scroll labeled YSOASE GAKUXE for 20 gold pieces
  3248 | D:4      | Bought a scroll labeled PAJ MOIMIOWISCH for 20 gold pieces
  3248 | D:4      | Bought a sapphire potion for 18 gold pieces
  3263 | D:4      | Found Tait's Food Boutique.
  3400 | D:5      | Entered Level 5 of the Dungeon
  3528 | D:5      | Noticed Tinylith's ghost (novice FoFi)
  3555 | D:5      | Found a runed translucent gate.
  3555 | D:5      | Found a runed translucent gate.
  3555 | D:5      | Found a runed translucent gate.
  3558 | D:5      | Found a staircase to the Ecumenical Temple.
  3584 | Temple   | Entered the Ecumenical Temple
  3595 | Temple   | Became a worshipper of Makhleb the Destroyer
  3752 | D:5      | Reached skill level 8 in Staves
  3809 | D:5      | Noticed a shapeshifter
  3809 | D:5      | an orc priest changed into a shapeshifter
  3809 | D:5      | Noticed a komodo dragon
  3809 | D:5      | a shapeshifter changed into a komodo dragon
  3812 | D:5      | Noticed a fire crab
  3812 | D:5      | a komodo dragon changed into a fire crab
  3816 | D:5      | Mangled by a fire crab (shapeshifter)

Skill      XL: |  1  2  3  4  5  6  7 |
---------------+----------------------+-----
Staves         | 3 4 5 6 7 8 |  8.6
Fighting       | |  2.0
Throwing       | |  1.7
Dodging        | |  2.6

Action                   |  1- 3 |  4- 6 |  7- 9 || total
-------------------------+-------+-------+-------++-------
Melee: Quarterstaff      |    67 |   174 |    56 ||   297
Throw: Throwing net      |       |     2 |       ||     2
  Use: Scroll            |     8 |     1 |     4 ||    13
       Potion            |     2 |     6 |     3 ||    11
 Stab: Sleeping          |     1 |     1 |       ||     2
       Held in net/web   |       |     1 |       ||     1
       Paralysed         |       |     1 |       ||     1
       Confused          |       |       |     1 ||     1
  Eat: Ration            |     1 |     1 |       ||     2
       Chunk             |       |     1 |     2 ||     3
Armor: Leather armour    |    18 |    66 |    11 ||    95
Dodge: Dodged            |    35 |    97 |    39 ||   171
